cohdb
Replays
Latest Replays
All Replays
Popular Replays
Top Player Replays
Match Explorer
How It Works
Community
CoH3 Stats
Reddit
Sign in to upload your games and track your stats! →
Sign in with Steam
Match 41438021
Unlisted
Match 41438021
Overview
Messages
Build Orders
End
Vickers Machine Gun Team
Construct Section Command Post
Selects Canadian Shock Battlegroup
ML 3-inch Mortar Team
Vickers Machine Gun Team
Selects Attacking Spirit
Selects Canadian Shock Section
Canadian Shock Section
Construct Platoon Command Post
Canadian Shock Section
Selects Incendiary Munitions
CMP 15cwt Truck
Canadian Shock Section
Canadian Shock Section
Infantry Training
Construct Company Command Post
Selects Pyrotechnics
Unlock M3 Grant Medium Tanks
Selects Smoke Operation
Old Saint Henderson
SgtSteiner
Mr_NoteAr
User1diego
0
0
Comments
sign in to comment!
No comments posted yet!